 Dungeon Crawl Stone Soup version 0.13-a0-2527-g93fcdc4 (webtiles) character file.

55204 Rycklaryybbe the Reanimator (level 14, -8/99 HPs)
             Began as a Demigod Necromancer on July 25, 2013.
             Shot with an arrow by a centaur warrior (17 damage)
             ... on Level 15 of the Dungeon on July 26, 2013.
             The game lasted 03:03:27 (35198 turns).

Rycklaryybbe the Reanimator (Demigod Necromancer)  Turns: 35198, Time: 03:03:28

HP  -8/99        AC  8     Str 14      XL: 14   Next:  0%
MP  33/33        EV 21     Int 30 (33) God:
Gold 1232        SH 12     Dex 17      Spells:  8 memorised, 13 levels left

Res.Fire  : + . .   See Invis. : .   a - +3,+6 morningstar of Death's Door {crush, Res.Cold : + . . Warding : . e - +0 orc leather armour {rC+} Life Prot.: + + . Conserve : + F - +0 buckler
Res.Poison: .       Res.Corr.  : .   (no helmet)
Res.Elec. : .       Clarity    : .   Q - +3 cloak of Flash {+Fly EV+4}
Sust.Abil.: . .     Spirit.Shd : .   (no gloves)
Res.Mut.  : .       Stasis     : .   r - +0 pair of boots "Fabbod" {Str+3 Int+1}
Res.Rott. : .       Flight     : .   p - amulet of conservation
Saprovore : . . .                    v - ring of Demons {rN+ Int+3}
                                     t - ring of protection from magic

@: extremely resistant to hostile enchantments, fairly stealthy
A: fire resistance 1, -10% hp, wild magic 1
a: Evoke Flight


You were on level 15 of the Dungeon.
You were not hungry.

You visited 3 branches of the dungeon, and saw 24 of its levels.
You also visited: Volcano.

You collected 1317 gold pieces.
You spent 105 gold pieces at shops.

Inventory:

Hand weapons
 a - the +3,+6 morningstar of Death's Door (weapon) {crush, rN+ MR+}
   (You acquired it on level 10 of the Dungeon)

   It inflicts extra damage upon your enemies.
   It protects you from negative energy.
   It affects your resistance to hostile enchantments.
 b - a +4,+1 flail of holy wrath
 A - the +3,+3 quarterstaff of the Thirteen Beds {venom, rElec rC+ Stlth--}
   (You found it on level 14 of the Dungeon)

   It poisons the flesh of those it strikes.
   It protects you from cold.
   It insulates you from electricity.
   It makes you much less stealthy.
Missiles
 q - 3 javelins (quivered)
 G - a throwing net
 M - 3 darts of dispersal
Armour
 e - a +0 orcish leather armour of cold resistance (worn)
 r - the +0 pair of boots "Fabbod" (worn) {Str+3 Int+1}
   (You acquired it on level 12 of the Dungeon)

   It affects your strength (+3).
   It affects your intelligence (+1).
 x - a +0 animal skin of fire resistance
 F - a +0 buckler (worn)
 N - a +2 cloak of preservation
 Q - the +3 cloak of Flash (worn) {+Fly EV+4}
   (You found it on level 9 of the Dungeon)

   It affects your evasion (+4).
   It lets you fly.
Magical devices
 h - a wand of flame (16)
 k - a wand of disintegration (6)
 m - a wand of draining (7)
 y - a wand of fireball (1)
 J - a wand of disintegration (13)
 R - a wand of enslavement (14) {unknown}
 X - a wand of draining (1)
 Y - a wand of disintegration (11)
 Z - a wand of digging (6)
Comestibles
 c - 8 bread rations
 E - 4 meat rations
 H - 5 chunks of hill giant flesh
Scrolls
 f - 2 scrolls of silence
 i - 4 scrolls of teleportation
 j - 3 scrolls of remove curse
 n - a scroll of enchant weapon II
 w - 2 scrolls of fog
 B - 3 scrolls of identify
 C - 3 scrolls of blinking
 P - 2 scrolls of magic mapping
Jewellery
 d - a +3 ring of intelligence
 p - an amulet of conservation (around neck)
 s - an uncursed ring of teleport control
 t - a ring of protection from magic (left hand)
 u - a +2 ring of protection
 v - the ring of Demons (right hand) {rN+ Int+3}
   (You found it on level 3 of the Lair of Beasts)

   [ring of positive energy]

   It affects your intelligence (+3).
 D - an uncursed ring of wizardry
 S - an uncursed ring of fire
 T - an uncursed ring of fire
 V - an uncursed ring of ice
Potions
 l - 2 potions of restore abilities
 o - 3 potions of resistance
 z - a potion of curing
 K - 2 potions of berserk rage
 W - a potion of cure mutation
Miscellaneous
 U - an ornate deck of defence


   Skills:
 + Level 9.7 Fighting
 + Level 11.0 Maces & Flails
 - Level 8.2 Dodging
 - Level 1.7 Stealth
 - Level 5.1 Shields
 - Level 10.1 Spellcasting
 - Level 3.6 Charms
 - Level 11.3 Necromancy


You had 13 spell levels left.
You knew the following spells:

 Your Spells              Type           Power        Failure   Level  Hunger
a - Pain                  Necr           ####         1%          1    None
b - Animate Skeleton      Necr           N/A          1%          1    None
c - Regeneration          Chrm/Necr      ######....   2%          3    None
d - Vampiric Draining     Necr           #######...   1%          3    None
e - Animate Dead          Necr           N/A          2%          4    None
f - Agony                 Necr           #######.     3%          5    ##.....
g - Repel Missiles        Chrm/Air       #####.....   7%          2    None
h - Summon Butterflies    Summ           ###.....     9%          1    None


Dungeon Overview and Level Annotations

Branches:
Dungeon (15/27)            Temple (0/1) D:7             Orc (0/4) D:7
   Lair (8/8) D:13         Shoals (0/5) Lair:4       Spider (0/5) Lair:4
  Slime (1/6) Lair:8
 Vaults: D:15-20

Shops:
D:6: ? D:9: / D:11: } D:13: + D:15: [[

Portals:
Ziggurat: D:7 (3360 gp)

Annotations
D:14 exclusion: ice statue


Innate Abilities, Weirdness & Mutations

Your flesh is heat resistant.
You are frail (-10% HP).
Your spells are a little harder to cast, but a little more powerful.


Message History

Your yak zombie gores the cyan ugly thing.
The cyan ugly thing tail-slaps your yak zombie.
Your yak zombie is destroyed!
The brown ugly thing basks in the mutagenic energy from its kin and changes!
Your yak zombie gores the cyan ugly thing.
The cyan ugly thing dies!
Your yak zombie closely misses something.
Something engulfs your yak zombie! Something freezes your yak zombie.
Your yak zombie resists.
There is an open door here.
A centaur warrior comes into view.
The centaur warrior wields a bow.
The centaur warrior shoots an arrow.
The arrow hits you!
* * * LOW HITPOINT WARNING * * *
You see here an arrow.
The centaur warrior shoots an arrow.
The arrow hits you!
* * * LOW HITPOINT WARNING * * *
You see here an arrow.
The centaur warrior shoots an arrow.
The arrow hits you!
You die...

#........# #.#.##
##++###'#####.#.# #c.
#.......#.# #... #..<....#.#
#..##.####....# #.....# #....#
#....(# ##Z#.# ##.##(# #z#.#
#.##@# #z#.# ######.##.# #.Z.#
#. #......##.# ###.#
+..###..Z...##.# #z#
+......Z.##.##.# ##.#####.#
#........##....# #.z......#
#..####.Z####''######..#####.#
#. #..# #......ZzZ..#
#..####..###...........#


You could see a centaur warrior.

Vanquished Creatures
  3 hydras
  Erica (D:12)
  6 death yaks
  2 catoblepae
  3 centaur warriors
  2 unseen horrors
  A lindwurm (Volcano)
  3 cyclopes
  Joseph (D:10)
  4 hill giants
  A griffon (Lair:8)
  4 elephants (Lair:8)
  4 black mambas
  A spiny worm (Lair:7)
  6 spiny frogs
  2 fire drakes
  A mermaid (Lair:4)
  5 komodo dragons
  A two-headed ogre (D:9)
  2 basilisks
  10 blink frogs
  A wyvern (D:13)
  2 fire elementals (Volcano)
  2 hill giant zombies
  6 vampire mosquitoes
  A steam dragon (D:10)
  3 toenail golems (Volcano)
  A hill giant skeleton (D:14)
  41 yaks
  A molten gargoyle (Volcano)
  4 ugly things
  A golden eye (Lair:8)
  11 wolves
  Edmund (D:8)
  7 hippogriffs
  4 porcupines
  A mottled dragon (D:14)
  A necrophage (D:11)
  4 orc warriors
  A phantom (D:5)
  A giant goldfish (Lair:3)
  2 black bears
  5 sky beasts
  4 centaurs
  A boring beetle (Lair:8)
  7 ogres
  Sigmund (D:2)
  A giant amoeba simulacrum (D:14)
  12 crocodiles
  2 big kobolds
  3 manticores
  8 water moccasins
  A brain worm (D:15)
  3 giant slugs
  4 agate snails
  8 giant frogs
  53 green rats
  A cyclops skeleton (D:13)
  A wyvern skeleton (D:14)
  A yak zombie (D:12)
  A jellyfish (Lair:3)
  A hippogriff zombie (D:13)
  2 yak skeletons
  2 killer bees (D:11)
  2 hippogriff skeletons
  7 ice beasts
  A yellow wasp zombie (D:11)
  2 crimson imps (D:9)
  6 orc priests
  2 quasits
  4 goliath beetles
  14 orc wizards
  14 worker ants
  8 iguanas
  13 sheep
  A mottled dragon zombie (D:13)
  A hound zombie (D:11)
  2 jellies
  7 gnolls
  25 adders
  6 giant centipedes
  2 giant mites
  6 scorpions
  2 orc skeletons (D:10)
  7 worms
  An adder zombie (D:5)
  7 giant geckos
  12 hounds
  20 orcs
  7 giant cockroaches
  19 goblins
  15 hobgoblins
  22 jackals
  24 kobolds
  15 quokkas
  23 bats
  3 giant eyeballs
  5 giant newts
  2 giant spores
  2 hobgoblin skeletons
  2 quokka skeletons
  27 rats
  A rat zombie (D:5)
  3 ballistomycetes
623 creatures vanquished.

Vanquished Creatures (collateral kills)
  6 death yaks (Lair:8)
  2 catoblepae (Lair:8)
  A cyclops (D:14)
  6 elephants
  An oklob plant (D:13)
  A spiny frog (Lair:5)
  2 trolls
  A hydra skeleton (D:14)
  2 slime creatures (Lair:8)
  A basilisk (Lair:4)
  A blink frog (Lair:1)
  6 ugly things
  13 yaks
  A hill giant zombie (D:14)
  12 wolves
  A hippogriff (Lair:3)
  A porcupine (Lair:7)
  A sky beast (D:11)
  An orc warrior (D:9)
  6 crocodiles
  3 giant slugs
  2 ogres
  4 giant frogs
  3 water moccasins
  5 agate snails
  2 killer bees (D:11)
  2 crimson imps
  A hound (Lair:5)
  A basilisk skeleton (D:14)
  A quasit (D:14)
  2 iguanas
  3 orc wizards
  5 sheep
  An ogre zombie (D:8)
  A jelly (D:6)
  An ogre skeleton (D:8)
  9 green rats
  An adder (Lair:8)
  A giant centipede (Lair:4)
  A giant mite (Lair:4)
  An orc (D:11)
  A hobgoblin (D:9)
  A kobold (D:13)
  A quokka (D:9)
  2 bats
  A jackal (D:7)
  A rat (D:9)
  A ballistomycete (D:7)
  3 fungi
  7 plants
134 creatures vanquished.

Vanquished Creatures (others)
  3 death yak zombies (Lair:8)
  2 catoblepas zombies (Lair:8)
  4 fire vortices (Volcano)
  A hill giant skeleton (D:11)
  2 elf skeletons (D:7)
  A spiny frog skeleton (Lair:5)
  5 elephant zombies (Lair:8)
  A blink frog zombie (Lair:5)
  An elephant skeleton (Lair:8)
  2 vampire mosquito zombies (D:14)
  A komodo dragon zombie (Lair:8)
  A giant slug zombie (Lair:8)
  A hippogriff zombie (D:14)
  9 yak zombies
  A hippogriff skeleton (D:14)
  A giant frog zombie (Lair:6)
  5 yak skeletons
  A wolf zombie (Lair:6)
  A water moccasin skeleton (Lair:3)
  2 water moccasin zombies
  2 basilisk skeletons
  A brain worm zombie (D:15)
  A mottled dragon zombie (D:14)
  An ogre skeleton (D:9)
  A big kobold skeleton (D:8)
  A crocodile zombie (Lair:5)
  An adder zombie (Lair:8)
  A centaur skeleton (D:9)
  A giant centipede zombie (Lair:4)
  An iguana skeleton (D:8)
  An iguana zombie (Lair:5)
  A scorpion zombie (Lair:4)
  4 adder skeletons
  11 orc skeletons
  2 sheep zombies (Lair:8)
  4 bat skeletons
  7 green rat zombies
  A giant spore (D:7)
  A gnoll skeleton (D:3)
  3 goblin skeletons
  3 hobgoblin skeletons
  3 hound skeletons
  3 jackal skeletons
  2 jackal zombies (Lair:5)
  12 kobold skeletons
  3 quokka skeletons
  A rat zombie (Lair:6)
  10 fungi (Lair:8)
  A plant (Lair:5)
129 creatures vanquished.

Grand Total: 886 creatures vanquished

Notes
Turn   | Place    | Note
--------------------------------------------------------------
     0 | D:1      | Rycklaryybbe, the Demigod Necromancer, began the quest for the Orb.
     0 | D:1      | Reached XP level 1. HP: 14/14 MP: 5/5
    94 | D:1      | Learned a level 1 spell: Animate Skeleton
   844 | D:1      | Reached skill level 4 in Necromancy
   904 | D:1      | Reached XP level 2. HP: 14/20 MP: 2/6
  1585 | D:1      | Reached XP level 3. HP: 26/26 MP: 8/8
  1799 | D:2      | Noticed Sigmund
  2887 | D:3      | Reached skill level 5 in Necromancy
  3081 | D:3      | Reached XP level 4. HP: 21/33 MP: 9/11
  3086 | D:3      | Learned a level 3 spell: Regeneration
  3531 | D:3      | Reached skill level 1 in Maces & Flails
  4259 | D:4      | Reached XP level 5. HP: 33/38 MP: 12/12
  4349 | D:4      | Noticed an ogre
  4358 | D:4      | Killed an ogre
  4756 | D:4      | Learned a level 3 spell: Vampiric Draining
  4951 | D:4      | Reached XP level 6. HP: 34/45 MP: 9/17
  5210 | D:5      | Entered Level 5 of the Dungeon
  6732 | D:5      | Reached skill level 5 in Maces & Flails
  6732 | D:5      | Reached XP level 7. HP: 50/50 MP: 18/18
  7633 | D:6      | Found Boeskas' Magic Scroll Emporium.
  8060 | D:6      | Reached skill level 6 in Maces & Flails
  8172 | D:6      | Bought a scroll of identify for 28 gold pieces
  8172 | D:6      | Bought a scroll of blinking for 77 gold pieces
  9004 | D:2      | Reached XP level 8. HP: 57/57 MP: 21/21
  9144 | D:2      | Killed Sigmund
  9651 | D:7      | Reached skill level 7 in Maces & Flails
  9698 | D:7      | Reached skill level 1 in Fighting
  9764 | D:7      | Found a staircase to the Ecumenical Temple.
  9809 | D:7      | Found a gateway to a ziggurat.
  9809 | D:7      | Found a staircase to the Orcish Mines.
  9809 | D:7      | Noticed an angel
  9865 | D:7      | Paralysed by a giant eyeball for 2 turns
 10010 | D:7      | Paralysed by a giant eyeball for 4 turns
 10523 | D:8      | Paralysed by a giant eyeball for 3 turns
 10539 | D:8      | Paralysed by a giant eyeball for 2 turns
 10592 | D:8      | Reached skill level 5 in Fighting
 11378 | D:8      | Noticed Edmund
 11392 | D:8      | Killed Edmund
 11404 | D:8      | Reached XP level 9. HP: 27/70 MP: 1/23
 11623 | D:8      | Found a shattered altar of Ashenzari.
 11629 | D:8      | Learned a level 4 spell: Animate Dead
 11629 | D:8      | Found a shimmering altar of Xom.
 11726 | D:8      | Found an ancient bone altar of Kikubaaqudgha.
 13210 | D:9      | Found Exaisan's Magical Wand Emporium.
 13323 | D:10     | Entered Level 10 of the Dungeon
 13594 | D:10     | Reached skill level 8 in Necromancy
 14726 | D:10     | Noticed Joseph
 14852 | D:10     | Noticed a cyclops
 14869 | D:10     | Killed a cyclops
 15364 | D:10     | Paralysed by a potion of paralysis for 2 turns
 15372 | D:10     | Killed Joseph
 15372 | D:10     | Reached skill level 5 in Dodging
 15372 | D:10     | Reached XP level 10. HP: 59/78 MP: 9/24
 15380 | D:10     | Identified a scroll of acquirement
 15381 | D:10     | Got a brightly glowing morningstar
 15382 | D:10     | Identified the morningstar of Death's Door {crush, rN+ MR+} (You acquired it on level 10 of the Dungeon)
 15660 | D:11     | Found Curaepp's Gadget Boutique.
 15780 | D:11     | Learned a level 5 spell: Agony
 15814 | D:11     | Noticed a hill giant
 15825 | D:11     | Killed a hill giant
 16058 | D:11     | Reached skill level 9 in Necromancy
 16994 | D:11     | Noticed a centaur warrior
 17013 | D:11     | Killed a centaur warrior
 17350 | D:11     | Killed an unseen horror
 17350 | D:11     | Reached skill level 10 in Necromancy
 17353 | D:11     | Reached XP level 11. HP: 37/79 MP: 13/25
 17625 | D:12     | Noticed Erica
 17630 | D:12     | Killed Erica
 17821 | D:12     | Got a pair of ichor-stained boots
 17824 | D:12     | Identified the +0 pair of boots "Fabbod" {Str+3 Int+1} (You acquired it on level 12 of the Dungeon)
 17874 | D:12     | Learned a level 2 spell: Repel Missiles
 18009 | D:12     | Reached skill level 1 in Charms
 18304 | D:13     | Found Ufaix's Book Shop.
 18320 | D:13     | Noticed a salamander
 18529 | D:13     | Noticed a catoblepas
 18550 | D:13     | Killed a catoblepas
 18550 | D:13     | Reached skill level 5 in Spellcasting
 18938 | D:13     | Noticed a five-headed hydra
 18944 | D:13     | Killed a five-headed hydra
 19961 | D:13     | Found a staircase to the Lair.
 20135 | Lair:1   | Entered Level 1 of the Lair of Beasts
 22073 | Lair:2   | Found a shattered altar of Ashenzari.
 22388 | Lair:3   | Noticed a death yak
 22396 | Lair:3   | Killed a death yak
 22479 | Lair:3   | Noticed a death yak
 22479 | Lair:3   | Noticed a death yak
 22484 | Lair:3   | Killed a death yak
 22484 | Lair:3   | Reached XP level 12. HP: 90/90 MP: 13/31
 22493 | Lair:3   | Killed a death yak
 22624 | Lair:3   | Got a glittering iron ring
 22632 | Lair:3   | Identified the ring of Demons {rN+ Int+3} (You found it on level 3 of the Lair of Beasts)
 23008 | Lair:3   | Found a dark tunnel.
 23035 | Volcano  | Entered a volcano
 23188 | Volcano  | Reached skill level 10 in Spellcasting
 23602 | Lair:3   | Identified a +2 cloak of preservation (You found it on level 3 of the Lair of Beasts)
 24048 | Lair:4   | Found a hole to the Spider Nest.
 24267 | Lair:4   | Found a staircase to the Shoals.
 24823 | Lair:5   | Reached skill level 10 in Maces & Flails
 27632 | Lair:6   | Reached skill level 1 in Shields
 29082 | Lair:7   | Noticed an eight-headed hydra
 29086 | Lair:7   | Killed an eight-headed hydra
 29100 | Lair:7   | Noticed a five-headed hydra
 29111 | Lair:7   | Killed a five-headed hydra
 29111 | Lair:7   | Reached skill level 5 in Shields
 29111 | Lair:7   | Reached XP level 13. HP: 78/99 MP: 2/32
 29715 | Lair:8   | Entered Level 8 of the Lair of Beasts
 30223 | Lair:8   | Gained mutation: You heal slowly. [potion of mutation]
 30223 | Lair:8   | Gained mutation: You are dopey (Int -1). [potion of mutation]
 30223 | Lair:8   | Gained mutation: You are frail (-10% HP). [potion of mutation]
 30224 | Lair:8   | Lost mutation: You are frail (-10% HP). [potion of cure mutation]
 30224 | Lair:8   | Lost mutation: You are dopey (Int -1). [potion of cure mutation]
 30224 | Lair:8   | Lost mutation: You heal slowly. [potion of cure mutation]
 30225 | Lair:8   | Gained mutation: Your spells are a little harder to cast, but a little more powerful. [potion of mutation]
 30225 | Lair:8   | Gained mutation: You are frail (-10% HP). [potion of mutation]
 30225 | Lair:8   | Gained mutation: Your flesh is heat resistant. [potion of mutation]
 30396 | Lair:8   | Learned a level 1 spell: Summon Butterflies
 31279 | Lair:8   | Found a staircase to the Slime Pits.
 31401 | Lair:8   | Reached skill level 11 in Necromancy
 32599 | Slime:1  | Entered Level 1 of the Pits of Slime
 33245 | D:14     | Entered Level 14 of the Dungeon
 33319 | D:14     | Got a faintly glowing quarterstaff
 33323 | D:14     | Identified the quarterstaff of the Thirteen Beds {venom, rElec rC+ Stlth--} (You found it on level 14 of the Dungeon)
 34935 | D:15     | Entered Level 15 of the Dungeon
 34989 | D:15     | Found Pruisas' Armour Emporium.
 35073 | D:15     | Found Uvvat's Antique Armour Shop.
 35161 | D:15     | Reached XP level 14. HP: 85/99 MP: 33/33
 35198 | D:15     | Shot with an arrow by a centaur warrior

Action                   |  1- 3 |  4- 6 |  7- 9 | 10-12 | 13-15 || total
-------------------------+-------+-------+-------+-------+-------++-------
Melee: Short sword       |    20 |       |       |       |       ||    20
       Club              |     7 |       |       |       |       ||     7
       Whip              |    96 |   187 |   425 |       |       ||   708
       Spear             |       |     3 |       |       |       ||     3
       Flail             |       |       |    91 |     4 |    51 ||   146
       Morningstar       |       |       |       |   889 |   455 ||  1344
       Sabre             |       |       |       |     2 |       ||     2
Throw: Club              |     1 |     2 |       |       |       ||     3
       Javelin           |       |       |     6 |     4 |     5 ||    15
 Cast: Pain              |    22 |    54 |   251 |   128 |    30 ||   485
       Animate Skeleton  |    10 |     8 |    41 |    40 |     3 ||   102
       Regeneration      |       |     8 |    11 |     7 |     3 ||    29
       Vampiric Draining |       |     4 |    28 |     7 |     6 ||    45
       Agony             |       |       |       |    58 |    53 ||   111
       Animate Dead      |       |       |       |    18 |    24 ||    42
       Repel Missiles    |       |       |       |     1 |       ||     1
 Abil: Evoke Flight      |       |       |     1 |       |     1 ||     2
Evoke: Wand              |       |       |     9 |    17 |     3 ||    29
  Use: Potion            |       |     9 |     3 |    10 |     7 ||    29
       Scroll            |       |    14 |     3 |    16 |     7 ||    40
 Stab: Sleeping          |     2 |     2 |     5 |    11 |     2 ||    22
       Distracted        |     1 |       |     2 |     6 |     4 ||    13
